 Dungeon Crawl Stone Soup version 0.31-a0-1576-ga3383bade6 (webtiles) character file.

Game seed: 10384868956504865286

306 Flugslaktarn the Apothecary (level 6, -2/36 HPs)
             Began as an Octopode Alchemist on Jan 4, 2024.
             Slain by Edmund
             ... wielding a +1 flail of venom
              (7 damage)
             ... on level 4 of the Dungeon.
             The game lasted 00:01:31 (636 turns).

Flugslaktarn the Apothecary (Octopode Alchemist)     Turns: 636, Time: 00:01:32

Health: -2/36      AC:  1    Str:  7    XL:     6   Next: 39%
Magic:  4/11       EV: 13    Int: 18    God:
Gold:   33         SH:  0    Dex: 20    Spells: 3/12 levels left

rFire   . . .        g - +0 dagger
rCold   . . .        (no shield)
rNeg    . . .        (helmet restricted)
rPois   .            (no amulet)
rElec   .            c - +6 ring of dexterity
rCorr   .            (no ring)
SInv    .            (no ring)
Will    .....        (no ring)
Stlth   +++          (no ring)
HPRegen 0.26/turn    (no ring)
MPRegen 0.12/turn    (no ring)
                     (no ring)

%: no passive effects
@: lethally poisoned (-2 -> -8), attractive
A: almost no armour, amphibious, 8 rings, camouflage 1, gelatinous body 1,
(nimble swimmer 1), tentacles
a: no special abilities


You were on level 4 of the Dungeon.
You visited 1 branch of the dungeon, and saw 4 of its levels.

You collected 33 gold pieces.

Inventory:

Hand Weapons
 g - a +0 dagger (weapon)
   (You took it off a goblin on level 4 of the Dungeon)
Jewellery
 c - a +6 ring of dexterity (left tentacle)
   (You found it on level 4 of the Dungeon)
 k - a ring of resist corrosion
   (You found it on level 1 of the Dungeon)
Scrolls
 d - a scroll of revelation
 e - a scroll of vulnerability
 j - a scroll of immolation {unknown}
Potions
 a - 2 potions of magic
 h - a potion of might {unknown}
 i - a potion of attraction


   Skills:
 - Level 2.0 Dodging
 - Level 2.6 Stealth
 + Level 3.8 Spellcasting
 - Level 1.0 Conjurations
 * Level 6.5 Alchemy


You had 3 spell levels left.
You knew the following spells:

 Your Spells              Type           Power      Damage    Failure   Level
a - Sting                 Conj/Alch      64%        1d7       3%          1
b - Olgreb's Toxic Radia  Alch           26%        N/A       11%         4
c - Sticky Flame          Fire/Alch      15%        2d5       36%         4

Your spell library contained the following spells:

 Spells                   Type           Power      Damage    Failure   Level
 Mercury Vapours          Alch/Air       30%        N/A       6%          2
 Mephitic Cloud           Conj/Alch/Air  12%        N/A       16%         3
 Call Imp                 Summ           6%         N/A       22%         2
 Sublimation of Blood     Necr           3%         N/A       22%         2
 Summon Hydra             Summ           1%         N/A       100%        7


Dungeon Overview and Level Annotations

Branches:
Dungeon (4/15)
 Temple: D:4-7

Altars:

Annotations:
D:4 Edmund


Innate Abilities, Weirdness & Mutations

You cannot wear most types of armour.
You are amphibious.
You can wear up to eight rings at the same time.
Your skin changes colour to match your surroundings (Stealth+).
Your rubbery body absorbs attacks. (AC +1, EV +1)
((You are camouflaged when in or above water. (Stealth+)))
You have tentacles for arms and can constrict up to eight enemies at once.


Message History

Aim: a giant cockroach (asleep, 100% to hit)
The sting hits the giant cockroach.
The giant cockroach is poisoned.
The giant cockroach is almost dead.
You kill the giant cockroach!
Casting: Sting (safe; 3% risk of failure)
Confirm with . or Enter, or press ? or * to list all spells.
You can't see any susceptible monsters within range! (Use Z to cast anyway.)
a - 2 potions of magic (gained 1) It was a potion of curing.
You feel better.
q - a potion of curing It was a potion of attraction.
You feel attractive to monsters.
As you read the scroll labelled WIHIUQOUTA, it crumbles to dust.
It is a scroll of identify.
d - a scroll of revelation;
r - a scroll of identify
As you read the scroll of identify, it crumbles to dust.
e - a scroll of vulnerability Unknown command.
A hobgoblin comes into view.
The hobgoblin is attracted toward you.
Casting: Sting (safe; 3% risk of failure)
Confirm with . or Enter, or press ? or * to list all spells.
Aiming: Sting (safe; 3% risk of failure)
Press: ? - help, Shift-Dir - straight line, f - hobgoblin
Aim: a hobgoblin (asleep, 100% to hit)
The sting hits the hobgoblin.
The hobgoblin is poisoned.
The hobgoblin is lightly wounded.
The hobgoblin shouts!
You hear a shout!
You hear an angry hiss.
The hobgoblin hits you.
You hit the hobgoblin. You grab the hobgoblin.
The hobgoblin is almost dead.
You constrict the hobgoblin, but do no damage.
You kill the hobgoblin!
A kobold comes into view. It is wielding a +0 short sword.
The kobold is attracted toward you. The kobold barely misses you.
You see here a hobgoblin corpse.
You hit the kobold but do no damage. Your grab misses the kobold.
Your squeeze misses the kobold. The kobold hits you but does no damage.
You hit the kobold but do no damage. Your grab misses the kobold.
The kobold barely misses you.
You closely miss the kobold. You grab the kobold. You squeeze the kobold.
The kobold is moderately wounded.
You constrict the kobold, but do no damage.
The kobold barely misses you.
You hit the kobold but do no damage.
The kobold is moderately wounded.
You constrict the kobold. The kobold closely misses you.
You hit the kobold.
You kill the kobold!
Things that are here:
a +0 short sword; a kobold corpse
c - a +6 ring of dexterity Unknown command.
An iguana comes into view.
The iguana is attracted toward you.
You feel agile.
c - a +6 ring of dexterity (left tentacle)
The iguana is attracted toward you.
Casting: Sting (safe; 3% risk of failure)
Confirm with . or Enter, or press ? or * to list all spells.
Okay, then.
Casting: Olgreb's Toxic Radiance (quite dangerous; 11% risk of failure)
Confirm with . or Enter, or press ? or * to list all spells.
You begin to radiate toxic energy.
The iguana hisses angrily.
The iguana is poisoned.
The iguana looks even sicker.
An adder comes into view.
Edmund the Younger comes into view.
He is wielding a +1 flail of venom and carrying a wand of flame.
The iguana closely misses you. Edmund is attracted toward you.
The adder is attracted toward you.
Casting: Olgreb's Toxic Radiance (quite dangerous; 11% risk of failure)
Confirm with . or Enter, or press ? or * to list all spells.
Aiming: Sting (safe; 3% risk of failure)
Press: ? - help, Shift-Dir - straight line, f - Edmund
Aim: Edmund, wielding a +1 flail of venom, wearing a +0 ring mail and carrying a wand of flame (wandering, hasn't noticed you, 77% to hit)
The sting hits Edmund.
Edmund is poisoned.
Edmund is lightly wounded.
Edmund shouts!
The adder hisses angrily.
The iguana looks even sicker.
Edmund looks even sicker.
The adder is poisoned.
Edmund hits you with a +1 flail of venom!
You are lethally poisoned!
The iguana closely misses you.
Unknown command.
You feel better.
Edmund looks even sicker.
Your toxic aura wanes.
The adder bites you. The iguana bites you.
Edmund zaps a wand.
The puff of flame hits you!
* * * LOW HITPOINT WARNING * * *
Okay, then.
Unknown command.
It was a potion of cancellation.
Your magical effects are unravelling.
You feel magically purged. The adder bites you.
* * * LOW HITPOINT WARNING * * *
You are lethally poisoned!
The adder poisons you!
Edmund hits you with a +1 flail of venom!
You die...
Edmund says, "That'll show my brother!"

######.........
#....##...#.. #.####
.....# ###.# ....# # #
....## #..### .#.
.#...## #..... ...#
......## #...#. #.#.#
.......# #....S##.#.#
.......# ###@@#.#
.......# # #..l#.#
.>....## #.###..#.#.
.#....## #...)##.#§#.#
#####..# #..#†# #.#.#
....##.#####....###...#
#........#.###...#.#.
####.......###.#.# # #
####.##[.##...###...


You could see Edmund (very poisoned), an iguana (very poisoned) and an adder
(poisoned).

Vanquished Creatures
  An ogre (D:4)
  A scorpion (D:4)
  A jelly (D:4)
  2 hounds (D:4)
  2 orc wizards (D:4)
  An adder (D:4)
  A dart slug (D:3)
  3 orcs (D:4)
  2 giant cockroaches
  2 hobgoblins (D:4)
  A quokka (D:3)
  A ball python (D:4)
  A bat (D:1)
  A goblin (D:4)
  A kobold (D:4)
21 creatures vanquished.

Notes
Turn   | Place    | Note
-------+----------+-------------------------------------------
     0 | D:1      | Flugslaktarn the Octopode Alchemist began the quest for the
                  | Orb.
     0 | D:1      | Reached XP level 1. HP: 11/11 MP: 3/3
   276 | D:4      | Reached XP level 2. HP: 13/17 MP: 3/5
   331 | D:4      | Noticed a scorpion
   338 | D:4      | Reached skill level 4 in Alchemy
   338 | D:4      | Reached XP level 3. HP: 16/21 MP: 2/6
   349 | D:4      | Reached XP level 4. HP: 6/27 MP: 0/8
   426 | D:4      | Killed a scorpion
   427 | D:4      | Reached skill level 5 in Alchemy
   427 | D:4      | Reached XP level 5. HP: 28/31 MP: 5/9
   432 | D:4      | Learned a level 4 spell: Olgreb's Toxic Radiance
   437 | D:4      | Learned a level 4 spell: Sticky Flame
   458 | D:4      | Noticed an ogre
   469 | D:4      | Killed an ogre
   470 | D:4      | Reached skill level 6 in Alchemy
   470 | D:4      | Reached XP level 6. HP: 36/36 MP: 2/11
   633 | D:4      | Noticed Edmund
   636 | D:4      | Slain by Edmund

Illustrated notes

Levels and vault maps discovered:
D:1:      spicycebolla_arrival_clurvy, layout_loops_corners
D:2:      layout_basic, dreamdust_wishing_well, uniq_crazy_yiuf_cottage
D:3:      layout_basic, uniq_natasha, uniq_jessica, uniq_sigmund
D:4:      layout_rooms, minmay_starry_boxes, uniq_edmund

Skill      XL: |  1  2  3  4  5 |
---------------+----------------+-----
Alchemy        | 4 5 6 |  6.5
Spellcasting   | 3 |  3.8
Dodging        | |  2.0
Stealth        | |  2.6
Conjurations   | |  1.0

Action                     |  1- 3 |  4- 6 || total
---------------------------+-------+-------++-------
  Melee: Unarmed           |     4 |       ||     4
         Constrict         |     3 |     4 ||     7
         Tentacles         |     2 |     3 ||     5
         Dagger            |     9 |    11 ||    20
         Punch             |     1 |       ||     1
   Cast: Sting             |    17 |    14 ||    31
         Olgreb's Toxic Ra |       |     3 ||     3
    Use: Potion            |       |     4 ||     4
         Scroll            |       |     2 ||     2
 Armour: Skin              |     7 |    11 ||    18
  Dodge: Dodged            |    15 |    11 ||    26

Table legend: (Time is in decaauts)
 A = Elapsed time spent in this place.
 B = Non-inter-level travel time spent in this place.
 C = Inter-level travel time spent in this place.
 D = Time resting spent in this place.
 E = Time spent auto-exploring this place.
 F = Levels seen in this place.
 G = Mean time per level.
                   A        B        C        D        E       F      G
               +--------+--------+--------+--------+--------+-----+--------+
         Total |    634 |    614 |     20 |     65 |    340 |   4 |  158.5 |
       Dungeon |    634 |    614 |     20 |     65 |    340 |   4 |  158.5 |
               +--------+--------+--------+--------+--------+-----+--------+

Top non-repeatable levels by time:
     D:4: 361 daAuts
     D:3: 127 daAuts
     D:2: 91 daAuts
     D:1: 53 daAuts
